[ AOE2 MATCH · #472392385 ]
UnrankedGoths vs Malians
[ REPLAY ANALYSIS · EXTRACTED FROM THE RECORDED GAME ]
Feudal
—
Castle
—
Imperial
—
| APM avg | 15.4 |
| APM peak | 35 |
| eAPM avg | 11.1 |
| Villagers / military | 92 / 58 |
Focus
⚔️ 26.9% · 🌾 73.1%
Spearman ×35 · Huskarl ×18 · Battering Ram ×4 · Monk ×1
Feudal
—
Castle
—
Imperial
—
| APM avg | 24.0 |
| APM peak | 40 |
| eAPM avg | 13.4 |
| Villagers / military | 65 / 38 |
Focus
⚔️ 21.4% · 🌾 78.6%
Fishing Ship ×22 · Urumi Swordsman ×11 · Fire Galley ×7 · Mangonel ×5 · Armored Elephant ×5 · Monk ×3
Feudal
—
Castle
—
Imperial
—
| APM avg | 69.1 |
| APM peak | 311 |
| eAPM avg | 53.1 |
| Villagers / military | 113 / 93 |
Focus
⚔️ 9.3% · 🌾 90.7%
Knight ×53 · Fishing Ship ×29 · Archer ×15 · Cannon Galleon ×14 · Fire Galley ×6 · Unknown (2626) ×6
Feudal
—
Castle
—
Imperial
—
| APM avg | 12.5 |
| APM peak | 39 |
| eAPM avg | 8.9 |
| Villagers / military | 73 / 107 |
Focus
⚔️ 38.3% · 🌾 61.7%
Archer ×40 · Scout Cavalry ×30 · Longbowman ×24 · Fishing Ship ×24 · Spearman ×7 · Battering Ram ×5
Match map
Initial resources + every placement click. Lines = walls · curves = elevation contours. ◆ gold · ⬟ stone · ● berries · ✦ relic · ◌ wall gap
Inputs per minute
— FABOGG - - matarsaurus
Build order — FABOGG
First 150 of 255 actions detected
| 0:13 | Build | House |
| 0:14 | Build | House |
| 0:19 | Create | Villager (Male) |
| 0:19 | Create | Villager (Male) |
| 0:20 | Create | Villager (Male) |
| 0:20 | Create | Villager (Male) |
| 0:20 | Create | Villager (Male) |
| 2:04 | Create | Villager (Male) |
| 2:32 | Create | Villager (Male) |
| 2:51 | Create | Villager (Male) |
| 3:03 | Build | Lumber Camp |
| 3:24 | Create | Villager (Male) |
| 3:25 | Create | Villager (Male) |
| 3:47 | Create | Villager (Male) |
| 4:21 | Create | Villager (Male) |
| 4:33 | Build | House |
| 4:34 | Build | House |
| 5:07 | Create | Villager (Male) |
| 5:53 | Create | Villager (Male) |
| 6:20 | Create | Villager (Male) |
| 6:27 | Build | Mining Camp |
| 7:03 | Research | Loom |
| 7:05 | Create | Villager (Male) |
| 7:14 | Build | Palisade Wall |
| 7:26 | Create | Villager (Male) |
| 8:18 | Build | Outpost |
| 8:27 | Create | Villager (Male) |
| 8:41 | Build | House |
| 8:53 | Create | Villager (Male) |
| 9:10 | Build | House |
| 9:11 | Build | House |
| 9:18 | Create | Villager (Male) |
| 9:22 | Build | Mining Camp |
| 9:35 | Build | Mill |
| 9:50 | Create | Villager (Male) |
| 10:24 | Create | Villager (Male) |
| 10:27 | Create | Villager (Male) |
| 11:39 | Create | Villager (Male) |
| 12:12 | Build | Barracks |
| 12:41 | Research | Feudal Age |
| 13:05 | Build | Lumber Camp |
| 13:19 | Build | Dock |
| 13:28 | Create | Villager (Male) |
| 13:41 | Create | Villager (Male) |
| 14:39 | Build | Outpost |
| 15:02 | Build | Watch Tower |
| 15:11 | Research | Double-Bit Axe |
| 15:14 | Research | Stone Mining |
| 15:16 | Research | Gold Mining |
| 15:42 | Build | Market |
| 15:48 | Create | Villager (Male) |
| 16:15 | Build | Farm |
| 16:17 | Create | Villager (Male) |
| 16:47 | Build | Blacksmith |
| 16:48 | Create | Villager (Male) |
| 16:57 | Build | Watch Tower |
| 17:17 | Build | Farm |
| 17:22 | Create | Villager (Male) |
| 17:34 | Build | Watch Tower |
| 17:52 | Build | Farm |
| 17:53 | Create | Villager (Male) |
| 18:03 | Create | Spearman |
| 18:05 | Create | Spearman |
| 18:26 | Build | Watch Tower |
| 18:29 | Create | Villager (Male) |
| 18:32 | Build | Farm |
| 19:03 | Create | Villager (Male) |
| 19:23 | Create | Spearman |
| 19:34 | Build | Barracks |
| 19:38 | Create | Villager (Male) |
| 19:48 | Create | Spearman |
| 20:05 | Build | Farm |
| 20:28 | Build | Barracks |
| 20:33 | Create | Spearman |
| 20:33 | Create | Spearman |
| 21:34 | Build | Barracks |
| 21:41 | Research | Castle Age |
| 21:53 | Create | Spearman |
| 22:53 | Create | Spearman |
| 22:54 | Create | Spearman |
| 23:01 | Create | Spearman |
| 23:02 | Create | Spearman |
| 23:03 | Create | Spearman |
| 23:12 | Build | Watch Tower |
| 24:23 | Build | Farm |
| 24:24 | Build | Farm |
| 24:59 | Create | Villager (Male) |
| 25:00 | Create | Villager (Male) |
| 25:29 | Build | Castle |
| 25:40 | Research | Pikeman (upgrade) |
| 25:43 | Research | Forging |
| 25:52 | Create | Spearman |
| 25:52 | Create | Spearman |
| 25:53 | Create | Spearman |
| 25:54 | Create | Spearman |
| 25:55 | Create | Spearman |
| 26:04 | Create | Villager (Male) |
| 26:04 | Create | Villager (Male) |
| 26:16 | Create | Villager (Male) |
| 26:18 | Create | Villager (Male) |
| 26:37 | Build | Farm |
| 27:02 | Build | Farm |
| 27:27 | Build | Farm |
| 27:30 | Create | Spearman |
| 27:30 | Create | Spearman |
| 27:31 | Create | Spearman |
| 27:32 | Create | Spearman |
| 27:33 | Create | Spearman |
| 27:50 | Build | University |
| 28:02 | Create | Huskarl |
| 28:02 | Create | Huskarl |
| 28:04 | Create | Huskarl |
| 28:04 | Create | Huskarl |
| 28:04 | Create | Huskarl |
| 28:05 | Create | Huskarl |
| 28:39 | Build | Siege Workshop |
| 28:51 | Build | Siege Workshop |
| 29:04 | Research | Wheelbarrow |
| 29:10 | Build | Siege Workshop |
| 29:15 | Create | Huskarl |
| 29:32 | Research | Horse Collar |
| 30:53 | Build | Siege Workshop |
| 30:55 | Create | Battering Ram |
| 31:15 | Research | Hand Cart |
| 32:00 | Build | Barracks |
| 32:05 | Research | Bow Saw |
| 32:28 | Research | Town Watch |
| 32:31 | Create | Huskarl |
| 32:55 | Create | Villager (Male) |
| 33:01 | Build | Town Center |
| 33:07 | Create | Villager (Male) |
| 33:08 | Create | Villager (Male) |
| 34:00 | Create | Villager (Male) |
| 34:03 | Research | Ballistics |
| 34:05 | Research | Murder Holes |
| 34:25 | Create | Villager (Male) |
| 34:25 | Create | Villager (Male) |
| 34:32 | Create | Villager (Male) |
| 34:34 | Create | Villager (Male) |
| 34:52 | Research | Squires |
| 34:57 | Build | Farm |
| 35:33 | Build | House |
| 35:34 | Build | House |
| 35:35 | Build | House |
| 35:41 | Build | House |
| 35:43 | Create | Villager (Male) |
| 35:46 | Build | Farm |
| 35:51 | Create | Villager (Male) |
| 35:51 | Create | Villager (Male) |
| 36:11 | Create | Villager (Male) |
Build order — matarsaurus
First 150 of 236 actions detected
| 0:02 | Build | House |
| 0:05 | Build | House |
| 0:06 | Create | Villager (Male) |
| 0:06 | Create | Villager (Male) |
| 0:06 | Create | Villager (Male) |
| 0:06 | Create | Villager (Male) |
| 2:00 | Create | Villager (Male) |
| 2:00 | Create | Villager (Male) |
| 2:38 | Build | Lumber Camp |
| 2:42 | Create | Villager (Male) |
| 3:24 | Create | Villager (Male) |
| 3:24 | Create | Villager (Male) |
| 3:25 | Create | Villager (Male) |
| 4:11 | Create | Villager (Male) |
| 4:26 | Create | Villager (Male) |
| 4:52 | Build | Dock |
| 5:04 | Create | Villager (Male) |
| 5:05 | Create | Villager (Male) |
| 5:11 | Build | House |
| 5:51 | Create | Fishing Ship |
| 5:52 | Create | Fishing Ship |
| 6:04 | Create | Villager (Male) |
| 6:05 | Create | Villager (Male) |
| 6:05 | Create | Villager (Male) |
| 6:25 | Create | Fishing Ship |
| 6:43 | Create | Villager (Male) |
| 6:44 | Create | Villager (Male) |
| 6:44 | Create | Villager (Male) |
| 7:01 | Build | Mining Camp |
| 7:25 | Build | Mill |
| 7:26 | Create | Villager (Male) |
| 8:04 | Create | Villager (Male) |
| 8:09 | Build | House |
| 8:14 | Create | Fishing Ship |
| 8:38 | Create | Villager (Male) |
| 9:14 | Create | Villager (Male) |
| 10:25 | Research | Feudal Age |
| 10:26 | Research | Loom |
| 11:03 | Create | Villager (Male) |
| 11:03 | Create | Villager (Male) |
| 12:39 | Create | Villager (Male) |
| 12:39 | Create | Villager (Male) |
| 12:52 | Build | Blacksmith |
| 13:01 | Build | Market |
| 14:08 | Build | House |
| 14:14 | Research | Town Watch |
| 14:16 | Create | Villager (Male) |
| 14:22 | Build | Mining Camp |
| 14:43 | Build | Building 673 |
| 15:01 | Research | Castle Age |
| 15:01 | Research | Castle Age |
| 15:06 | Research | Double-Bit Axe |
| 15:06 | Research | Double-Bit Axe |
| 15:13 | Build | Building 673 |
| 15:21 | Create | Fire Galley |
| 15:21 | Create | Fire Galley |
| 15:34 | Build | Dock |
| 15:50 | Build | Dock |
| 16:00 | Build | Stone Wall |
| 16:03 | Build | Building 487 |
| 16:13 | Build | Stone Wall |
| 16:16 | Build | Building 487 |
| 16:22 | Build | Stone Wall |
| 16:31 | Create | Fishing Ship |
| 16:31 | Create | Fishing Ship |
| 17:10 | Research | Tech 906 |
| 17:55 | Create | Villager (Male) |
| 18:08 | Create | Fire Galley |
| 18:12 | Create | Villager (Male) |
| 18:21 | Build | Town Center |
| 18:25 | Create | Villager (Male) |
| 18:43 | Build | Monastery |
| 19:21 | Build | Lumber Camp |
| 19:33 | Create | Transport Ship |
| 19:36 | Research | Gillnets |
| 19:37 | Create | Fishing Ship |
| 19:37 | Create | Fishing Ship |
| 19:39 | Create | Villager (Male) |
| 19:40 | Create | Villager (Male) |
| 19:45 | Build | House |
| 19:49 | Create | Monk |
| 20:14 | Create | Fire Galley |
| 20:14 | Create | Fire Galley |
| 20:23 | Create | Villager (Male) |
| 20:23 | Create | Villager (Male) |
| 20:39 | Create | Demolition Raft |
| 20:41 | Create | Fishing Ship |
| 20:52 | Create | Villager (Male) |
| 20:54 | Create | Villager (Male) |
| 21:09 | Build | House |
| 21:11 | Build | House |
| 22:06 | Build | Barracks |
| 22:15 | Create | Villager (Male) |
| 22:18 | Create | Fishing Ship |
| 22:19 | Create | Fishing Ship |
| 22:30 | Build | House |
| 22:38 | Build | House |
| 22:41 | Create | Monk |
| 22:50 | Research | Bow Saw |
| 22:51 | Create | Villager (Male) |
| 22:59 | Build | University |
| 23:06 | Create | Villager (Male) |
| 23:09 | Build | House |
| 23:33 | Build | Castle |
| 23:45 | Create | Fire Galley |
| 23:49 | Create | Fire Galley |
| 24:00 | Build | House |
| 24:04 | Build | House |
| 24:19 | Build | Siege Workshop |
| 24:55 | Create | Mangonel |
| 25:02 | Build | Dock |
| 25:12 | Build | Lumber Camp |
| 25:28 | Create | Demolition Raft |
| 25:28 | Create | Demolition Raft |
| 25:45 | Create | Fishing Ship |
| 25:45 | Create | Fishing Ship |
| 26:17 | Create | Armored Elephant |
| 26:33 | Build | House |
| 26:37 | Build | House |
| 26:38 | Create | Villager (Male) |
| 26:39 | Create | Villager (Male) |
| 26:42 | Research | Wheelbarrow |
| 26:42 | Research | Wheelbarrow |
| 26:48 | Create | Spearman |
| 26:48 | Create | Spearman |
| 27:00 | Build | Stone Wall |
| 27:15 | Create | Villager (Male) |
| 27:19 | Create | Fishing Ship |
| 27:19 | Create | Fishing Ship |
| 27:20 | Create | Fishing Ship |
| 27:20 | Create | Fishing Ship |
| 27:20 | Create | Fishing Ship |
| 27:20 | Create | Fishing Ship |
| 27:20 | Create | Fishing Ship |
| 27:21 | Create | Fishing Ship |
| 27:26 | Create | Fishing Ship |
| 27:33 | Build | Mining Camp |
| 27:38 | Create | Urumi Swordsman |
| 27:38 | Create | Urumi Swordsman |
| 27:39 | Create | Urumi Swordsman |
| 27:48 | Research | Horse Collar |
| 27:59 | Build | House |
| 28:15 | Create | Urumi Swordsman |
| 28:15 | Create | Urumi Swordsman |
| 28:15 | Create | Urumi Swordsman |
| 28:32 | Create | Villager (Male) |
| 28:32 | Create | Villager (Male) |
| 29:01 | Build | Stone Wall |
| 29:04 | Build | Building 673 |
| 29:14 | Create | Mangonel |
Build order — JohnnyHeatrs
First 150 of 945 actions detected
| 0:01 | Create | Villager (Male) |
| 0:02 | Create | Villager (Male) |
| 0:04 | Build | House |
| 0:06 | Build | House |
| 0:24 | Create | Villager (Male) |
| 0:25 | Create | Villager (Male) |
| 1:41 | Create | Villager (Male) |
| 1:41 | Create | Villager (Male) |
| 1:59 | Create | Villager (Male) |
| 2:43 | Build | Lumber Camp |
| 2:45 | Create | Villager (Male) |
| 2:46 | Create | Villager (Male) |
| 3:10 | Create | Villager (Male) |
| 3:53 | Build | House |
| 4:01 | Build | House |
| 4:03 | Create | Villager (Male) |
| 4:03 | Create | Villager (Male) |
| 4:29 | Create | Villager (Male) |
| 4:29 | Create | Villager (Male) |
| 4:39 | Build | Palisade Wall |
| 5:09 | Create | Villager (Male) |
| 5:10 | Create | Villager (Male) |
| 5:50 | Research | Loom |
| 6:13 | Build | Dock |
| 6:18 | Create | Villager (Male) |
| 6:59 | Create | Villager (Male) |
| 8:10 | Build | Mill |
| 8:21 | Build | Palisade Wall |
| 8:30 | Create | Villager (Male) |
| 8:30 | Create | Villager (Male) |
| 8:35 | Create | Fishing Ship |
| 8:35 | Create | Fishing Ship |
| 9:19 | Create | Fishing Ship |
| 9:20 | Create | Villager (Male) |
| 9:28 | Build | House |
| 9:30 | Build | House |
| 9:53 | Build | House |
| 9:57 | Research | Feudal Age |
| 10:03 | Create | Fishing Ship |
| 10:52 | Create | Fishing Ship |
| 11:05 | Build | Dock |
| 11:18 | Build | House |
| 11:30 | Create | Fishing Ship |
| 11:30 | Create | Fishing Ship |
| 11:36 | Create | Transport Ship |
| 11:39 | Create | Villager (Male) |
| 12:36 | Build | House |
| 12:57 | Create | Villager (Male) |
| 12:59 | Create | Fishing Ship |
| 13:07 | Build | Market |
| 13:34 | Build | Blacksmith |
| 13:39 | Create | Villager (Male) |
| 13:39 | Create | Villager (Male) |
| 13:54 | Build | Mining Camp |
| 14:15 | Create | Villager (Male) |
| 14:22 | Research | Double-Bit Axe |
| 14:49 | Create | Villager (Male) |
| 15:26 | Create | Villager (Male) |
| 15:39 | Build | Barracks |
| 15:44 | Research | Castle Age |
| 15:48 | Create | Fishing Ship |
| 16:06 | Create | Fishing Ship |
| 16:35 | Research | Tech 906 |
| 16:46 | Build | Stable |
| 16:56 | Create | Villager (Male) |
| 17:09 | Research | Scale Barding Armor |
| 17:19 | Build | Stable |
| 17:27 | Build | Stable |
| 17:31 | Create | Villager (Male) |
| 17:42 | Create | Fire Galley |
| 17:53 | Build | Dock |
| 17:58 | Research | Bloodlines |
| 18:10 | Build | Farm |
| 18:21 | Build | Mill |
| 18:35 | Create | Knight |
| 18:37 | Create | Knight |
| 18:42 | Build | Stable |
| 18:46 | Create | Villager (Male) |
| 18:57 | Create | Fire Galley |
| 19:14 | Create | Villager (Male) |
| 19:26 | Build | House |
| 19:27 | Build | House |
| 19:27 | Build | House |
| 19:30 | Research | Wheelbarrow |
| 19:39 | Build | House |
| 19:50 | Create | Knight ×3 |
| 19:50 | Create | Knight |
| 19:51 | Create | Knight |
| 19:56 | Build | House |
| 19:57 | Build | House |
| 20:04 | Create | Fire Galley |
| 20:19 | Create | Villager (Male) |
| 20:40 | Create | Villager (Male) |
| 20:50 | Build | House |
| 20:50 | Build | House |
| 20:55 | Create | Fire Galley |
| 20:58 | Create | Fishing Ship |
| 20:59 | Create | Fishing Ship |
| 21:06 | Create | Villager (Male) |
| 21:21 | Build | House |
| 21:26 | Build | Farm |
| 21:26 | Build | Farm |
| 21:26 | Build | Farm |
| 21:26 | Build | Farm |
| 21:26 | Build | Farm |
| 21:26 | Build | Farm |
| 21:27 | Build | Farm |
| 21:27 | Build | Farm |
| 21:36 | Build | Town Center |
| 21:48 | Create | Villager (Male) |
| 22:04 | Create | Villager (Male) |
| 22:08 | Research | War Galley (upgrade) |
| 22:13 | Create | Fishing Ship |
| 22:17 | Research | Bow Saw |
| 22:35 | Create | Villager (Male) |
| 22:43 | Research | Gold Mining |
| 22:53 | Create | Knight |
| 22:53 | Create | Knight |
| 22:54 | Create | Knight |
| 23:17 | Create | Villager (Male) |
| 23:17 | Create | Villager (Male) |
| 23:31 | Create | Knight |
| 23:32 | Create | Knight |
| 23:42 | Build | House |
| 24:00 | Research | Horse Collar |
| 24:03 | Create | Fishing Ship |
| 24:04 | Create | Fishing Ship |
| 24:17 | Build | Stable |
| 24:21 | Create | Villager (Male) |
| 24:21 | Create | Villager (Male) |
| 24:36 | Create | Villager (Male) |
| 24:37 | Create | Villager (Male) |
| 24:44 | Build | Farm |
| 24:44 | Build | Farm |
| 24:44 | Build | Farm |
| 24:44 | Build | Farm |
| 24:44 | Build | Farm |
| 24:44 | Build | Farm |
| 24:44 | Build | Farm |
| 24:44 | Build | Farm |
| 24:44 | Build | Farm |
| 24:44 | Build | Farm |
| 24:44 | Build | Farm |
| 24:44 | Build | Farm |
| 24:44 | Build | Farm |
| 24:44 | Build | Farm |
| 24:44 | Build | Farm |
| 24:44 | Build | Farm |
| 24:47 | Build | Farm |
| 24:47 | Build | Farm |
Build order — Nick4TheWin7
First 150 of 298 actions detected
| 0:04 | Create | Villager (Male) |
| 0:04 | Create | Villager (Male) |
| 0:04 | Create | Villager (Male) |
| 0:04 | Create | Villager (Male) |
| 0:04 | Create | Villager (Male) |
| 0:11 | Build | House |
| 0:39 | Build | House |
| 2:05 | Create | Villager (Male) |
| 2:06 | Create | Villager (Male) |
| 2:06 | Create | Villager (Male) |
| 2:40 | Create | Villager (Male) |
| 2:40 | Create | Villager (Male) |
| 2:40 | Create | Villager (Male) |
| 3:13 | Create | Villager (Male) |
| 3:13 | Create | Villager (Male) |
| 3:29 | Build | Dock |
| 4:09 | Create | Villager (Male) |
| 4:47 | Build | House |
| 4:50 | Create | Villager (Male) |
| 4:50 | Create | Villager (Male) |
| 4:50 | Create | Villager (Male) |
| 4:51 | Create | Villager (Male) |
| 5:14 | Create | Villager (Male) |
| 5:30 | Build | House |
| 5:34 | Create | Villager (Male) |
| 5:34 | Create | Villager (Male) |
| 6:25 | Create | Fishing Ship |
| 7:34 | Build | Lumber Camp |
| 7:50 | Create | Villager (Male) |
| 7:51 | Create | Villager (Male) |
| 7:53 | Create | Villager (Male) |
| 7:54 | Create | Villager (Male) |
| 7:55 | Create | Villager (Male) |
| 8:14 | Create | Fishing Ship |
| 9:28 | Build | Mining Camp |
| 9:36 | Build | House |
| 9:39 | Research | Feudal Age |
| 10:12 | Build | House |
| 10:49 | Create | Fishing Ship |
| 10:50 | Create | Fishing Ship |
| 10:51 | Create | Fishing Ship |
| 12:18 | Build | Stone Wall |
| 12:24 | Build | Building 490 |
| 12:37 | Create | Fishing Ship |
| 12:58 | Build | Blacksmith |
| 13:03 | Build | Mill |
| 14:02 | Build | Market |
| 14:13 | Create | Fishing Ship |
| 14:14 | Create | Fishing Ship |
| 14:14 | Create | Fishing Ship |
| 14:34 | Research | Castle Age |
| 15:00 | Research | Gold Mining |
| 15:56 | Create | Fishing Ship |
| 15:58 | Create | Fishing Ship |
| 16:09 | Research | Double-Bit Axe |
| 16:28 | Create | Fishing Ship |
| 16:30 | Research | Tech 906 |
| 16:55 | Build | Barracks |
| 17:12 | Create | Villager (Male) |
| 17:13 | Create | Villager (Male) |
| 17:14 | Create | Villager (Male) |
| 17:44 | Create | Unit 2626 |
| 18:06 | Build | House |
| 18:19 | Build | Archery Range |
| 18:44 | Create | Unit 2626 |
| 18:45 | Create | Unit 2626 |
| 18:53 | Build | House |
| 18:56 | Build | House |
| 19:12 | Build | Archery Range |
| 19:16 | Research | Crossbowman (upgrade) |
| 19:56 | Create | Archer |
| 20:00 | Create | Archer |
| 20:11 | Create | Archer |
| 20:11 | Create | Archer |
| 20:26 | Create | Villager (Male) |
| 20:27 | Create | Villager (Male) |
| 20:28 | Create | Villager (Male) |
| 20:40 | Create | Fishing Ship |
| 20:40 | Create | Fishing Ship |
| 20:49 | Build | Mining Camp |
| 20:52 | Create | Archer |
| 21:08 | Create | Archer |
| 21:11 | Create | Villager (Male) |
| 21:14 | Create | Villager (Male) |
| 21:31 | Research | Tech 906 |
| 21:36 | Create | Archer |
| 21:55 | Create | Archer |
| 22:02 | Build | House |
| 22:11 | Create | Archer |
| 22:33 | Build | Town Center |
| 22:38 | Build | House |
| 22:43 | Build | House |
| 22:47 | Create | Villager (Male) |
| 22:47 | Create | Villager (Male) |
| 22:52 | Create | Archer |
| 22:54 | Create | Archer |
| 23:03 | Research | Fletching |
| 23:14 | Create | Fishing Ship |
| 23:15 | Create | Fishing Ship |
| 23:16 | Create | Fishing Ship |
| 23:27 | Create | Archer |
| 24:52 | Create | Fishing Ship |
| 24:52 | Create | Fishing Ship |
| 25:02 | Create | Villager (Male) |
| 25:03 | Create | Villager (Male) |
| 25:03 | Create | Villager (Male) |
| 25:04 | Create | Villager (Male) |
| 25:14 | Build | Siege Workshop |
| 25:53 | Create | Villager (Male) |
| 25:53 | Create | Villager (Male) |
| 25:54 | Create | Villager (Male) |
| 25:54 | Create | Villager (Male) |
| 26:33 | Create | Battering Ram |
| 26:34 | Create | Battering Ram |
| 26:38 | Create | Archer |
| 26:38 | Create | Archer |
| 26:38 | Create | Archer |
| 26:38 | Create | Archer |
| 26:38 | Create | Archer |
| 26:39 | Create | Archer |
| 26:39 | Create | Archer |
| 26:39 | Create | Archer |
| 26:40 | Create | Archer |
| 26:40 | Create | Archer |
| 26:40 | Create | Archer |
| 26:40 | Create | Archer |
| 26:41 | Create | Archer |
| 26:41 | Create | Archer |
| 26:41 | Create | Archer |
| 26:55 | Build | Mining Camp |
| 27:01 | Create | Villager (Male) |
| 27:01 | Create | Villager (Male) |
| 27:01 | Create | Villager (Male) |
| 27:06 | Create | Fishing Ship |
| 27:06 | Create | Fishing Ship |
| 27:07 | Create | Fishing Ship |
| 27:34 | Build | House |
| 27:36 | Build | House |
| 27:40 | Research | Padded Archer Armor |
| 27:52 | Build | Farm |
| 27:58 | Build | Farm |
| 28:25 | Build | House |
| 28:27 | Build | House |
| 28:30 | Research | Bodkin Arrow |
| 28:49 | Create | Spearman |
| 28:57 | Create | Archer |
| 28:59 | Create | Archer |
| 29:02 | Create | Archer |
| 29:06 | Create | Battering Ram |
| 29:18 | Create | Villager (Male) |
Match timeline
| 3:29 | Nick4TheWin7 · first_building Dock |
| 4:39 | JohnnyHeatrs · wall_segment Palisade Wall x1 |
| 4:52 | matarsaurus · first_building Dock |
| 6:13 | JohnnyHeatrs · first_building Dock |
| 7:14 | FABOGG · wall_segment Palisade Wall x6 |
| 8:21 | JohnnyHeatrs · wall_segment Palisade Wall x9 |
| 12:12 | FABOGG · first_building Barracks |
| 12:18 | Nick4TheWin7 · wall_segment Stone Wall x13 |
| 13:19 | FABOGG · first_building Dock |
| 15:39 | JohnnyHeatrs · first_building Barracks |
| 16:00 | matarsaurus · wall_segment Stone Wall x9 |
| 16:13 | matarsaurus · wall_segment Stone Wall x11 |
| 16:22 | matarsaurus · wall_segment Stone Wall x9 |
| 16:46 | JohnnyHeatrs · first_building Stable |
| 16:55 | Nick4TheWin7 · first_building Barracks |
| 18:19 | Nick4TheWin7 · first_building Archery Range |
| 18:43 | matarsaurus · first_building Monastery |
| 22:06 | matarsaurus · first_building Barracks |
| 22:59 | FABOGG · first_market_buy 100 wood |
| 23:33 | matarsaurus · first_building Castle |
| 24:19 | matarsaurus · first_building Siege Workshop |
| 25:14 | Nick4TheWin7 · first_building Siege Workshop |
| 25:29 | FABOGG · first_building Castle |
| 26:12 | FABOGG · first_market_sell 100 wood |
| 26:20 | JohnnyHeatrs · first_market_buy 100 food |
| 27:00 | matarsaurus · wall_segment Stone Wall x14 |
| 28:39 | FABOGG · first_building Siege Workshop |
| 29:01 | matarsaurus · wall_segment Stone Wall x9 |
| 29:42 | matarsaurus · first_market_sell 100 wood |
| 29:44 | matarsaurus · first_market_buy 100 food |
| 31:35 | JohnnyHeatrs · first_building Monastery |
| 31:41 | matarsaurus · wall_segment Stone Wall x7 |
| 33:39 | JohnnyHeatrs · first_building Archery Range |
| 33:59 | Nick4TheWin7 · first_building Stable |
| 34:22 | Nick4TheWin7 · first_building Castle |
| 36:03 | matarsaurus · wall_segment Stone Wall x11 |
| 38:21 | matarsaurus · wall_segment Stone Wall x9 |
| 38:50 | JohnnyHeatrs · first_building Castle |
| 39:48 | FABOGG · first_building Monastery |
| 40:52 | Nick4TheWin7 · first_market_sell 100 wood |
| 40:53 | Nick4TheWin7 · first_market_buy 100 food |
| 41:50 | matarsaurus · wall_segment Stone Wall x5 |
| 41:55 | FABOGG · first_building Archery Range |
| 43:26 | matarsaurus · wall_segment Stone Wall x5 |
| 48:35 | FABOGG · resign |
[ AI ANALYSIS · 1 CREDIT ]
What really happened in this match?
Wolo.gg analyzes every decision: build order, eco, micro, common mistakes by bracket. Personalized analysis on WhatsApp or Discord in 30 seconds.
Civ guide
Goths
Perfil
Jugador #17845064